Cogmind - Beta 15 @@@ ROGUE MODE // 2025.10.06 @ 22:52:43 Player: opdo Result: Destroyed by 3T-UVL(R) with Subdweller Machine Gun Performance ------------- Evolutions (0) 0 Regions Visited (3) 600 Robots Destroyed (18) 90 Value Destroyed (360) 360 Prototype IDs (0) 0 Alien Tech Used (0) 0 Bonus (0) 0 TOTAL SCORE: 1050 Bonus ------- None Cogmind --------- Core Integrity 0/250 Matter 283/300 Energy 200/200 System Corruption 0% Temperature Cool (0) Movement Core (300) Ox5 Location -10/Subcaves Parts ------- > --- POWER (1) -------- Subdweller Power Source > --- PROPULSION (2) --- Aluminum Leg > --- UTILITY (2) ------ Medium Storage Unit Targeting Computer > --- WEAPON (2) ------- Light Assault Rifle Light Assault Rifle > --- INVENTORY (10) --- Light Ion Engine High-capacity Matter Pod (77) Structural Scanner Utility Shielding Light Assault Rifle Heavy Assault Rifle Subdweller Machine Gun Grenade Launcher Mining Laser Enhanced Flamer Peak State ------------ > --- POWER ------------ Subdweller Power Source > --- PROPULSION ------- Aluminum Leg Wheel > --- UTILITY ---------- Medium Storage Unit Targeting Computer > --- WEAPON ----------- Light Assault Rifle Subdweller Machine Gun > --- INVENTORY -------- Light Ion Engine High-capacity Matter Pod Structural Scanner Utility Shielding Light Assault Rifle Light Assault Rifle Heavy Assault Rifle Grenade Launcher Mining Laser Enhanced Flamer [Rating: 10] Favorites ----------- Power Light Ion Engine Engine Light Ion Engine Propulsion Light Treads Treads Light Treads Leg Aluminum Leg Wheel Wheel Utility Targeting Computer Device Heat Sink Storage Small Storage Unit Processor Targeting Computer Weapon Light Assault Rifle Ballistic Gun Light Assault Rifle Special Weapon Mining Laser Build | -11 -10 -10 -10 ------- Run | Yrd Mat Min Sub Slots Evolved . | . . . . Power . | . . . . Propulsion . | . . . . Utility . | . . . . Weapon . | . . . . Parts Attached 24 | 6 3 8 7 Power 4 | 1 . 2 1 Engine 4 | 1 . 2 1 Core . | . . . . Reactor . | . . . . Propulsion 6 | 2 . 2 2 Treads 4 | 2 . 2 . Leg 1 | . . . 1 Wheel 1 | . . . 1 Hover . | . . . . Flight . | . . . . Utility 4 | 1 2 1 . Device 1 | . 1 . . Storage 2 | 1 . 1 . Processor 1 | . 1 . . Hackware . | . . . . Protection . | . . . . Artifact . | . . . . Weapon 10 | 2 1 3 4 Energy Gun . | . . . . Energy Cannon . | . . . . Ballistic Gun 9 | 2 1 3 3 Ballistic Cannon . | . . . . Launcher . | . . . . Special Weapon 1 | . . . 1 Impact Weapon . | . . . . Slashing Weapon . | . . . . Piercing Weapon . | . . . . Special Melee Weapon . | . . . . Unidentified Prototypes . | . . . . Parts Lost 5 | . . . 5 Power 1 | . . . 1 Propulsion 3 | . . . 3 Utility . | . . . . Weapon 1 | . . . 1 Highest Loss Streak 4 | . . . 4 To Critical Strikes . | . . . . Average Backups 8 | 2 7 8 9 Power 1 | . 1 1 1 Propulsion . | 1 1 . . Utility 2 | . 1 3 3 Weapon 3 | . 2 4 5 Tool/Special . | . . . . Unused Backups 11 | . 3 1 7 Power 2 | . 1 . 1 Propulsion 2 | . 1 1 . Utility 3 | . . . 3 Weapon 4 | . 1 . 3 Tool/Special . | . . . . Average Slot Usage (%) 98 | . 97 100 94 Engine 13 | . 14 14 11 Treads 24 | . 28 28 11 Leg 1 | . . . 6 Wheel 1 | . . . 5 Storage 14 | . 14 14 14 Processor 12 | . 9 14 14 Ballistic Gun 26 | . 28 28 22 Special Weapon 1 | . . . 5 Peak Build Rating 10 | 6 7 9 10 Average Rating 7 | 5 6 8 8 On Entrance 5 | . 6 7 9 Naked Turns . | . . . . Heaviest Build 17 | 14 15 17 17 Greatest Support 40 | 40 40 40 40 Greatest Overweight (x) 4 | 1 . . 4 Average Overweight (x) . | . . . . Largest Inventory Capacity 10 | 8 8 10 10 Average Capacity 8 | 7 8 8 10 Most Carried 10 | 5 8 10 10 Average Carried 8 | 2 7 8 9 Final Capacity 10 | 8 8 10 10 Final Carried 10 | 5 8 10 10 Class Distribution -------------------- 51% | Mutant 48% | Scavenger-Mutant Dominant Class ---------------- Mutant | -10/Materials Scavenger-Mutant | -10/Mines Scavenger-Mutant | -10/Subcaves Resources | -11 -10 -10 -10 ----------- Run | Yrd Mat Min Sub Matter Collected 865 | 272 200 174 219 Remotely . | . . . . Salvage Created 494 | 25 292 108 69 Parts 41 | 2 12 19 8 Haulers Intercepted 1 | . 1 . . Recyclers Shooed . | . . . . Parts Field Recycled . | . . . . Retrieved Matter . | . . . . Parts Self-Destructed 5 | . . . 5 Prevented . | . . . . Kills | -11 -10 -10 -10 ------- Run | Yrd Mat Min Sub Combat Hostiles Destroyed 15 | . 5 8 2 Guns 15 | . 5 8 2 Classes Destroyed 8 | 1 3 1 3 Tunneler 1 | 1 . . . Hauler 1 | . 1 . . Operator 1 | . 1 . . Swarmer 8 | . . 8 . Grunt 5 | . 5 . . Sentry 1 | . . . 1 Artisan 1 | . . . 1 Subdweller 1 | . . . 1 Best Kill Streak 3 | 1 3 3 1 Combat Bots Only 3 | . 3 3 1 Max Kills in Single Turn 1 | 1 1 1 1 Gunslinging . | . . . . Exploded . | . . . . Melee . | . . . . Uniques/NPCs Destroyed . | . . . . Combat | -11 -10 -10 -10 -------- Run | Yrd Mat Min Sub Hostile Shots Fired 109 | . 30 36 43 Missed 22 | . 6 7 9 Hits 87 | . 24 29 34 Projectile 87 | . 24 29 34 Critical Strikes 1 | . . 1 . Damage Taken 1242 | . 286 264 692 Core 252 | . 34 42 176 Absorbed by Shields . | . . . . Core Remaining (%) 100 | 100 . . . Volleys Fired 92 | 2 33 21 36 Largest 2 | 2 2 2 2 Hottest 120 | 40 40 43 120 Shots Fired 182 | 4 66 42 70 Gun 176 | 4 66 42 64 Cannon . | . . . . Launcher . | . . . . Special 6 | . . . 6 Kinetic 176 | 4 66 42 64 Thermal 6 | . . . 6 Explosive . | . . . . Electromagnetic . | . . . . Robot Hit Streak 21 | 3 10 3 21 Robot Miss Streak 4 | 1 3 4 1 Penetration Max . | . . . . Secondary Targets 2 | . 1 1 . Max Gunslinging Chain 1 | . 1 1 . Shots Hit Robots 123 | 3 49 17 54 Core Hits 36 | 1 18 9 8 Critical Kills . | . . . . Critical Parts Destroyed 1 | . 1 . . Critical Strikes 1 | . 1 . . Destroy 1 | . 1 . . Melee Attacks . | . . . . Impact . | . . . . Slashing . | . . . . Piercing . | . . . . Sneak Attacks . | . . . . Combat Hostiles . | . . . . Follow-up Attacks . | . . . . Damage Inflicted 1093 | 40 564 199 290 Guns 1088 | 40 561 197 290 Cannons . | . . . . Explosions . | . . . . Melee . | . . . . Ramming 5 | . 3 2 . Kinetic 1088 | 40 561 197 290 Thermal . | . . . . Explosive . | . . . . Electromagnetic . | . . . . Impact . | . . . . Slashing . | . . . . Piercing . | . . . . Highest Corruption . | . . . . Average Corruption . | . . . . Corruption Purged . | . . . . Corruption Blocked . | . . . . Overload Shots . | . . . . Overflow Damage . | . . . . Projectiles . | . . . . Explosions . | . . . . Melee . | . . . . Knockbacks . | . . . . Impact . | . . . . Kinetic . | . . . . Secondary . | . . . . Self-Inflicted Damage . | . . . . Shots . | . . . . Rammed 2 | . 1 1 . Targets Rammed 2 | . 1 1 . Kicked . | . . . . Crushed . | . . . . Highest Temperature 36 | . 12 36 . Average Temperature 6 | . 5 6 . Received Heat Transfer 210 | . 156 36 18 Siege Activations . | . . . . Martial Activations . | . . . . Shielding Activations . | . . . . Robots Disrupted . | . . . . Combat Hostiles . | . . . . Robots Corrupted . | . . . . Combat Hostiles . | . . . . Parts Fried . | . . . . Impact Corruptions . | . . . . Robots Melted . | . . . . Combat Hostiles . | . . . . Parts Melted . | . . . . Heat Transferred . | . . . . Parts Sabotaged . | . . . . Parts Stolen . | . . . . Parts Stripped . | . . . . Power Chain Reactions . | . . . . Alert | -11 -10 -10 -10 ------- Run | Yrd Mat Min Sub Maximum Alert Level . | . . . . Low Security (%) 100 | 100 100 100 . Level 1 . | . . . . Level 2 . | . . . . Level 3 . | . . . . Level 4 . | . . . . Level 5 . | . . . . High Security . | . . . . Max Security . | . . . . Peak Influence 90 | 5 90 70 . Initial 3 | . 3 . . Average 18 | 1 29 12 . Influence Increases 439 | 5 223 190 21 Destroy 0b10 Robot/C 280 | . 100 160 20 Destroy 0b10 Robot/NC 15 | 5 10 . . Destroy Leader 52 | . 22 30 . Allied During Kill 1 | . . . 1 Destroy Structure 1 | . 1 . . Partial Spotted 15 | . 15 . . Lose Combat Pursuer 75 | . 75 . . Influence Decreases 439 | . 228 144 67 Entered New Map 27 | . 2 . 25 Time Decay 392 | . 226 144 22 Lost Ally 20 | . . . 20 Squads Dispatched 2 | . 2 . . Investigation . | . . . . Extermination . | . . . . Reinforcement 2 | . 2 . . Assault . | . . . . Garrison . | . . . . Intercept . | . . . . Searches Triggered . | . . . . Construction Impeded . | . . . . Haulers Reinforced . | . . . . Active Scanning Responses . | . . . . Cargo Convoy Interrupts . | . . . . Stealth | -11 -10 -10 -10 --------- Run | Yrd Mat Min Sub Distress Signals . | . . . . Communications Jammed . | . . . . Distress Signals . | . . . . Times Spotted 32 | . 17 11 4 Peak Tracking Total 6 | . 6 3 3 Tactical Retreats 6 | . 5 . 1 Traps | -11 -10 -10 -10 ------- Run | Yrd Mat Min Sub Traps Triggered . | . . . . Indirectly . | . . . . Trap Hack Attempts . | . . . . Triggered . | . . . . Disarmed . | . . . . Reprogrammed . | . . . . Reused . | . . . . Traps Extracted . | . . . . Installed . | . . . . Triggered . | . . . . Machines | -11 -10 -10 -10 ---------- Run | Yrd Mat Min Sub Machines Disabled . | . . . . Max in Single Turn . | . . . . Machines Repaired . | . . . . Machines Dismantled . | . . . . Machines Sabotaged . | . . . . Overloaded Fab Kills . | . . . . Hacking | -11 -10 -10 -10 --------- Run | Yrd Mat Min Sub Machines Accessed 1 | . . 1 . Terminals 1 | . . 1 . Fabricators . | . . . . Repair Stations . | . . . . Recycling Units . | . . . . Scanalyzers . | . . . . Garrison Access . | . . . . Total Hacks 2 | . . 2 . Successful 1 | . . 1 . Failed 1 | . . 1 . Catastrophic . | . . . . Database Lockouts . | . . . . Manual 2 | . . 2 . Terminals 2 | . . 2 . Fabricators . | . . . . Repair Stations . | . . . . Recycling Units . | . . . . Scanalyzers . | . . . . Garrison Access . | . . . . Terminal Hacks 1 | . . 1 . Robot Analysis 1 | . . 1 . Fabricator Hacks . | . . . . Repair Station Hacks . | . . . . Recycling Unit Hacks . | . . . . Scanalyzer . | . . . . Garrison Access Hacks . | . . . . Unauthorized Hacks . | . . . . Terminals . | . . . . Fabricators . | . . . . Repair Stations . | . . . . Recycling Units . | . . . . Scanalyzers . | . . . . Garrison Access . | . . . . Data Cores Recovered . | . . . . Used . | . . . . Hacking Detections 1 | . . 1 . Full Trace Events . | . . . . Feedback Events . | . . . . Feedback Blocked . | . . . . Robot Schematics Acquired . | . . . . Robots Built . | . . . . Authchips . | . . . . Time . | . . . . Total Robot Build Rating . | . . . . Part Schematics Acquired . | . . . . Parts Built . | . . . . Authchips . | . . . . Time . | . . . . Total Part Build Rating . | . . . . Parts Repaired . | . . . . Time . | . . . . Parts Recycled . | . . . . Recycled Matter . | . . . . Retrieved Matter . | . . . . Retrieved Components . | . . . . Parts Scanalyzed . | . . . . Part Schematics Acquired . | . . . . Parts Damaged . | . . . . Bothacking | -11 -10 -10 -10 ------------ Run | Yrd Mat Min Sub Used RIF Installer . | . . . . Robots Hacked . | . . . . Non-combat . | . . . . Combat . | . . . . Robot Hacks Applied . | . . . . Relay Couplers Released . | . . . . Fabnet Peak Effective % . | . . . . Robots Rewired . | . . . . Allies Hacked . | . . . . Hacks Repelled . | . . . . Allies | -11 -10 -10 -10 -------- Run | Yrd Mat Min Sub Total Allies 3 | . . 3 . Largest Group 3 | . . 3 2 Highest-Rated Group 40 | . . 40 24 Highest-Rated Ally 16 | . . 16 16 Total Orders . | . . . . Ally Attacks 9 | . . . 9 Total Damage 40 | . . . 40 Kills . | . . . . Allies Corrupted 1 | . . . 1 Allies Melted . | . . . . Intel | -11 -10 -10 -10 ------- Run | Yrd Mat Min Sub Active Infowar (turns) . | . . . . Robot Analysis Total 1 | . . 1 . Derelict Logs Recovered 2 | . . 1 1 Drone Launches . | . . . . Drone Recoveries . | . . . . Exploration | -11 -10 -10 -10 ------------- Run | Yrd Mat Min Sub Turns Passed 1857 | 78 573 869 337 Spaces Moved 985 | 41 287 494 163 Core 10 | 7 . . 3 Treads 869 | 34 287 494 54 Legs 3 | . . . 3 Wheels 103 | . . . 103 Hover . | . . . . Flight . | . . . . Fastest Speed 50 | 50 160 160 95 Average Speed 152 | 143 160 160 121 Slowest Speed 250 | 160 160 160 250 Overloaded Moves . | . . . . Propulsion Burnouts . | . . . . Robots Hopped . | . . . . Potential Cave-ins . | . . . . Cave-ins Triggered . | . . . . Exploration Rate (%) 41 | 4 56 95 11 Regions Visited 3 Branch Regions 2 Pre-discovered Areas 1 | . . . 1 Known Exits Taken . | . . . . Unknown Exits Taken 3 | 1 1 1 . Scrap Searched 3 | . . 1 2 Spaces Dug . | . . . . Terrain Destroyed . | . . . . Melee . | . . . . Projectile . | . . . . AOE . | . . . . Terrain Rammed . | . . . . Walls Destroyed . | . . . . Machines Disabled . | . . . . Actions | -11 -10 -10 -10 --------- Run | Yrd Mat Min Sub Total 1157 | 53 342 539 223 Wait 25 | . 8 2 15 Move 982 | 40 286 493 163 Hop . | . . . . Pick Up 15 | 5 6 4 . Fast Attach 11 | 6 2 . 3 Attach 1 | . . . 1 Detach . | . . . . Swap 15 | . 1 9 5 Drop 14 | . 5 9 . Fire 92 | 2 33 21 36 Melee . | . . . . Ram . | . . . . Kick . | . . . . Crush 2 | . 1 1 . Escape Stasis . | . . . . Rewire . | . . . . Trap . | . . . . Miscellaneous . | . . . . Route ------- -11/Scrapyard -10/Materials (discovered 3 exits: [*Mat] / *Min x2) -10/Mines (discovered 4 exits: [*Mat x2] / [*Exi] / [*Sub]) -10/Subcaves History --------- Turn | Location | Event 15 | -11/Scrapyard | Discovered new exit (range 14) 79 | -11/Scrapyard | Entered Materials 311 | -10/Materials | Build established: Mutant 347 | -10/Materials | Discovered new exit (range 11) 442 | -10/Materials | Discovered new exit (range 12) 516 | -10/Materials | Discovered new exit (range 6) 652 | -10/Materials | Entered Mines 675 | -10/Mines | Met a Derelict bent on vengeance 772 | -10/Mines | Deemed a non-threat by the Exiles lab entrance 774 | -10/Mines | Discovered new exit (range 5) 817 | -10/Mines | Discovered new exit (range 9) 849 | -10/Mines | Learned location of 1 exit from Materials 865 | -10/Mines | Joined a pair of Derelicts in attacking an 0b10 outpost 1161 | -10/Mines | A weapon hastily lodged in a ceiling crevice suddenly fell to the ground 1191 | -10/Mines | Build established: Scavenger-Mutant 1397 | -10/Mines | Discovered new exit (range 11) 1478 | -10/Mines | Discovered new exit (range 8) 1494 | -10/Mines | Assisted by bots powering up and referring to "LRC-V3" 1521 | -10/Mines | Entered Subcaves 1521 | -10/Subcaves | Accompanied by 3 allies 1524 | -10/Subcaves | A swath of the cavern ceiling suddenly collapsed 1591 | -10/Subcaves | Learned location of Zion (-6) 1644 | -10/Subcaves | Core integrity fell below 50% 1681 | -10/Subcaves | Core integrity fell below 20% 1697 | -10/Subcaves | Lost 4 parts (1p2n1w) 1839 | -10/Subcaves | Disturbed a concealed Subdweller 1858 | -10/Subcaves | Destroyed by 3T-UVL(R) with Subdweller Machine Gun Last Messages --------------- 01666_ Lgt. Treads destroyed. 01671_ Subatomizers dissect the Wheel. 01688_ 5J-4IL(R) destroyed. 01693_ Acquired 49 matter. 01698_ Acquired Aluminum Leg. 01707_ Subatomizers dissect the Wheel. 01707_ Acquired Wheel. 01710_ Acquired Sub. Power Source. 01720_ Subatomizers dissect the Multitool. 01824_ Searching scrap... 01824_ Found Sub. Beam Cannon. 01824_ Found 70 Matter. 01825_ Acquired 70 matter. 01825_ Searching scrap... 01825_ Found Hvy. Riot Gun. 01825_ Found 57 Matter. 01826_ Acquired 57 matter. 01839_ 3T-UVL(R) angrily emerges from the Twisted Machinery. 01840_ Wheel destroyed. Map ----- +----------------------------------------------------+ | | | | | | | | | | | | | | | | | | | | | ?????????????????????????????????????????????????? | | ?????????????????????????????????????????????????? | | ?????????????????????????????????????????????????? | | ?????????????????????????????????????????????????? | | ?????????????????????????????????????????????????? | | ?????????????????????????????????????????????????? | | ?????????????????????????????????????????????????? | | ?????????????????????????????????????????????????? | | ?????????????????????????????????????????????????? | | ?????????????????????????????????????????????????? | | ?????????????????????????????????????????????????? | | ?????????????????????????????????????????????????? | | ?????????????????????????????????????????????????? | | ?????????????????????????????????????????????????? | | ???????????????????????#######????##?????????#??## | | ???????????????????????# @ ]<#???## #???????## ## | | ???????????????????????#R##[ #???# ######## | | ???????????????????##### ####???# ### | | ???????????????????# ## "###????# ### | | ????????????????????# # ## #????### ##### | | ?????????????????????# " " #??????## ### | | ?????????????????????# ##??????# # | | ?????????????????????# ##?????## | | ?????????????????????# #?????## ## | | ?????????????????????# ###### #?????# ## | | ?????????????????????# #???# ##???## ## | | ?????????????????????# ##### #?### ####? | | ???????????????#####?# ## ### ## #???# | | ???????????????# ### ## ? | | ???????????????# ## ### | | ??????????????## ## # # # #### # | | ??????????????# ############### ##???# # | | ??????????????# ###?????????????####?????### | | ??????????????### ##???????????????????????????% | | ????????????????# ##???????????????????????????# | | ????????????????# #??????????????????????????? | | ????????????????# #??????????????????????????? | | ????????????????# ##???????????????????????????? | | ????????????????# #????????????????????????????? | | ????????????????# #????????????????????????????? | +----------------------------------------------------+ Best States ------------- Heat Dissipation 35 Energy Generation 15 Energy Capacity 250 Matter Stores 300 Matter Capacity 300 Sight Range 16 Terrain Scan Density 10 Evasion (%) 41 Targeting Accuracy 5 Recoil Reduction 2 Item Schematics ----------------- None Robot Schematics ------------------ None Fabricated ------------ Nothing Repaired ---------- Nothing Alien Tech Used ----------------- None Achievements -------------- None Challenges ------------ None Game ------ Seed TractorShieldDrillbomb Manual? 0 Play Time 00:09:31 Cumulative 103.4 hours Start 2025.10.06 @ 22:45:15 End 2025.10.06 @ 22:52:43 Sessions 1 Manual Loads 0 Difficulty Rogue Special Mode None Game No. 280 Rogue 278 Adventurer 2 Explorer 0 Win Type - Total 1 Types 1/0/0/0/0/0/0/0/0/0 Lore% 75 Gallery% 60 Achievement% 51 Wizard Run 0 Options --------- Layout 2 ASCII 0 Keyboard 1 Movement Numpad Keybinds 0 Fullscreen 2 Font 24/Smallcaps Map View 50x44 Zoom Use 0% Tactical HUD 1 Map Filters NONE Filters NONE Steam 1 RUN: cfef4988-a2f8-4f85-bed2-f53ed5e70ee2